 Dungeon Crawl Stone Soup version 0.22-a0-580-gd5db89c09a (webtiles) character file.

461 Kholdaimon the Slasher (level 7, -1/52 HPs)
             Began as a Merfolk Gladiator on July 3, 2018.
             Slain by a hippogriff (5 damage)
             ... on level 5 of the Dungeon.
             The game lasted 00:19:44 (4691 turns).

Kholdaimon the Slasher (Merfolk Gladiator)          Turns: 4691, Time: 00:19:44

Health: -1/52      AC:  5    Str: 14    XL:     7   Next: 7%
Magic:  0/7        EV: 15    Int: 10    God:
Gold:   148        SH:  0    Dex: 15    Spells: 6/6 levels left

rFire    x . .     SeeInvis .   E - +3 falchion (holy)
rCold    + . .     Gourm    .   (no shield)
rNeg     . . .     Faith    .   b - +0 leather armour
rPois    .         Spirit   +   c - +0 helmet
rElec    .         Reflect  .   (no cloak)
rCorr    .         Harm     .   (no gloves)
MR       .....                  n - +0 pair of boots
Stlth    +.........             y - amulet of guardian spirit
HPRegen  0.17/turn              u - ring of ice
MPRegen  0.10/turn              (no ring)

@: no status effects
A: change form in water, swift swim, stealthy swim
a: no special abilities


You were on level 5 of the Dungeon.
You were not hungry.

You visited 1 branch of the dungeon, and saw 5 of its levels.

You collected 148 gold pieces.

Inventory:

Hand Weapons
 a - a +0 long sword
 q - a cursed -2 dagger
 E - a +3 falchion of holy wrath (weapon)
Missiles
 d - 7 throwing nets
 h - 20 poisoned needles
 i - 214 stones (quivered)
Armour
 b - a +0 leather armour (worn)
 c - a +0 helmet (worn)
 n - a +0 pair of boots (worn)
Jewellery
 u - a ring of ice (left hand)
 y - an amulet of guardian spirit (around neck)
Scrolls
 e - a scroll of teleportation
 t - 3 scrolls of remove curse
 w - a scroll of enchant weapon
 B - a scroll of magic mapping
Potions
 j - a potion of invisibility
 k - 2 potions of cancellation
 l - a potion of heal wounds {unknown}
 o - a potion of might {unknown}
 p - 2 potions of curing {unknown}
 s - a potion of berserk rage {unknown}
 x - 2 potions of agility {unknown}
 D - a potion of mutation {unknown}
Comestibles
 f - 8 rations
 C - a chunk of flesh


   Skills:
 - Level 3.0 Fighting
 * Level 7.0 Long Blades
 - Level 2.0 Throwing
 + Level 6.4 Dodging


You had 6 spell levels left.
You didn't know any spells.
Your spell library contained the following spells:

 Spells                   Type           Power        Failure   Level  Hunger
 Confuse                  Hex            #.......     82%         3    ####...
 Tukima's Dance           Hex            #.......     82%         3    ####...
 Ensorcelled Hibernation  Hex/Ice        #.....       58%         2    ###....
 Corona                   Hex            #......      43%         1    ##.....
 Dazzling Spray           Conj/Hex       #.....       82%         3    ####...


Dungeon Overview and Level Annotations

Branches:
Dungeon (5/15)             Temple (0/1) D:5

Altars:
Hepliaklqana
Sif Muna
Trog


Message History

The jackal closely misses you.
You riposte.
The jackal barks!
You hit the jackal.
The jackal is moderately wounded.
The jackal barely misses you.
You riposte.
You hit the jackal.
The jackal is almost dead.
The hippogriff bites you!
* * * LOW HITPOINT WARNING * * *
The hippogriff pecks you but does no damage.
The hippogriff barely misses you.
You hit the hippogriff but do no damage.
The hippogriff is almost dead.
The jackal bites you.
* * * LOW HITPOINT WARNING * * *
The jackal bites you.
* * * LOW HITPOINT WARNING * * *
The hippogriff misses you. The hippogriff pecks you.
* * * LOW HITPOINT WARNING * * *
The hippogriff claws you.
You die...

**###..#H......#.#.#*,,,,,**,
***,..(..........#.#.##**,****,
*,,,.....(..........?..,,,,,,,,
*,*,***#..(.....h......*,,,,,,,
*,*,,,,**#.H...........,,,,,,,,
***,*,**,* #..<...!......,,,,,,,,
,,,,,,**.#####.##....##.,,*,,,,,,
*******#.....†.##h.#.#*,,,*******
####....H@h.#,#*,,,**** *
#......#.#,**,,,**,* *
#......#.#***,,,**,* * #......#.#
*,,,**,* #..%...#.# *,,,**,****
**********#......#.# **,,,,,,,,,
,,,,,,,,,........+.# **********
*****,,,,........#**
*,,,,,,,,***,*


You could see a hippogriff and 3 jackals.

Vanquished Creatures
  A howler monkey (D:5)
  A hound (D:4)
  An orc wizard (D:4)
  4 worker ants
  Robin (D:3)
  6 gnolls (D:3)
  11 adders
  A howler monkey skeleton (D:4)
  A dart slug (D:2)
  A leopard gecko (D:2)
  4 orcs
  7 giant cockroaches
  9 hobgoblins
  8 jackals
  A quokka (D:3)
  4 ball pythons
  7 bats
  2 frilled lizards (D:1)
  20 goblins
  7 kobolds
  8 rats
105 creatures vanquished.

Notes
Turn   | Place    | Note
-------+----------+-------------------------------------------
     0 | D:1      | Kholdaimon the Merfolk Gladiator began the quest for the Orb.
     0 | D:1      | Reached XP level 1. HP: 16/16 MP: 1/1
   276 | D:1      | Reached XP level 2. HP: 23/23 MP: 2/2
  1131 | D:2      | Reached skill level 4 in Long Blades
  1131 | D:2      | Reached XP level 3. HP: 28/28 MP: 3/3
  1290 | D:2      | Reached XP level 4. HP: 29/35 MP: 4/4
  1533 | D:2      | Found a bloodstained altar of Trog.
  1721 | D:2      | Reached skill level 5 in Dodging
  1747 | D:2      | Reached skill level 5 in Long Blades
  1747 | D:2      | Reached XP level 5. HP: 15/41 MP: 5/5
  2552 | D:3      | Noticed Robin
  2566 | D:3      | Killed Robin
  3028 | D:3      | Reached XP level 6. HP: 24/47 MP: 6/6
  3296 | D:3      | Reached skill level 6 in Long Blades
  4246 | D:4      | Found a hazy altar of Hepliaklqana.
  4425 | D:3      | Found a deep blue altar of Sif Muna.
  4621 | D:5      | Entered Level 5 of the Dungeon
  4666 | D:5      | Reached XP level 7. HP: 46/52 MP: 2/7
  4671 | D:5      | Noticed a hippogriff
  4682 | D:5      | Reached skill level 7 in Long Blades
  4691 | D:5      | Slain by a hippogriff

Vault maps used:
D:1:      ncdulo_lavacross
D:2:      serial_forest, infiniplex_forest_straight_4,
          infiniplex_forest_lined_3_way, infiniplex_forest_corner_2,
          infiniplex_forest_clump_medium, first_ration, trog_hazing_becter
D:3:      lemuel_upstairs_altar, uniq_robin
D:4:      overflow_temple_1_default, hangedman_glass_garden
D:5:      nicolae_qazlal_eye_of_the_storm, old_standard_altar,
          gammafunk_temple_overflow_pools, minmay_temple_entry_junction,
          lightli_sewer_entry_pipes, nicolae_dithmenos_through_a_glass_darkly

Skill      XL: |  1  2  3  4  5  6  7 |
---------------+----------------------+-----
Long Blades    | 4 5 6 7 |  7.0
Fighting       | 3 |  3.0
Dodging        | 5 6 |  6.4
Throwing       | |  2.0

Action                   |  1- 3 |  4- 6 |  7- 9 || total
-------------------------+-------+-------+-------++-------
Melee: Long sword        |    85 |   255 |       ||   340
       Tailslap          |       |     1 |       ||     1
       Falchion          |       |     4 |    16 ||    20
Throw: Stone             |     8 |    40 |       ||    48
  Use: Scroll            |       |     9 |       ||     9
 Stab: Sleeping          |     2 |       |       ||     2
  Eat: Chunk             |     1 |     8 |       ||     9
       Ration            |       |     1 |       ||     1
Armor: Leather armour    |    43 |    64 |     9 ||   116
Dodge: Dodged            |    91 |   248 |    27 ||   366
       Rpst.: Long sword |    26 |    63 |       ||    89
       Falchion          |       |     1 |     8 ||     9

Table legend:
 A = Spawn XP
 B = Non-spawn XP
 C = Spawn XP percentage of total XP
 D = Spawn monster count
 E = Non-spawn monster count
 F = Spawn count percentage of total count
 G = Total turns spent on level
                    A         B        C        D         E        F      G
               +---------+---------+-------+---------+---------+-------+---------
         Total |       0 |     659 |   0.0 |       0 |     105 |   0.0 |  4691
               +---------+---------+-------+---------+---------+-------+---------
           D:1 |       0 |      31 |   0.0 |       0 |      22 |   0.0 |  1106
           D:2 |       0 |     160 |   0.0 |       0 |      33 |   0.0 |  1565
           D:3 |       0 |     185 |   0.0 |       0 |      35 |   0.0 |  1160
           D:4 |       0 |     194 |   0.0 |       0 |      11 |   0.0 |   799
           D:5 |       0 |      89 |   0.0 |       0 |       4 |   0.0 |    61
               +---------+---------+-------+---------+---------+-------+---------
